 Dungeon Crawl Stone Soup version 0.31-a0-1611-g890cdf5628 (webtiles) character file.

Game seed: 5871111344486477049

130175 Xavori the Thaumaturge (level 17, -1/137 HPs)
             Began as a Djinni Chaos Knight on Jan 8, 2024.
             Was a Plaything of Xom.
             Hit by a javelin thrown by a merfolk javelineer (14 damage)
             ... on level 4 of the Shoals.
             The game lasted 00:53:52 (24461 turns).

Xavori the Thaumaturge (Djinni Chaos Knight)       Turns: 24461, Time: 00:53:53

Health: -1/137     AC: 22    Str:  7    XL:     17   Next: 63%
Gold:   2541       EV: 19    Int: 20    God:    Xom [.*....] SH:  0 Dex: 30

rFire   + + .        i - +4 demon blade (venom)
rCold   . . .        (no shield)
rNeg    . . .        e - +6 scale mail of Yesterday {^Drain rC+ Regen+}
rPois   ∞            b - +0 helmet
rElec   .            u - +0 cloak
rCorr   .            J - +2 pair of gloves {Dex+3}
SInv    .            (boots unavailable)
Will    +....        Q - amulet of regeneration
Stlth   +            y - ring of wizardry
HPRegen 2.02/turn    n - +4 ring of slaying
MPRegen 0.00/turn

%: wizardry (x1), infuse magic (-2 HP)
@: flying
A: sickness immunity, fire resistance 2, cold vulnerability 1, float, innate
caster, HP casting, extra vitality 1, agile 2, clever 2, robust 1, inability to
read after injury 2, sturdy frame 1
a: Renounce Religion


You were on level 4 of the Shoals.
You worshipped Xom.
You were a plaything of Xom.
You visited 4 branches of the dungeon, and saw 26 of its levels.

You collected 3091 gold pieces.
You spent 550 gold pieces at shops.

Inventory:

Hand Weapons
 i - a +4 demon blade of venom (weapon)
 Y - a +1 scimitar of flaming
Missiles
 C - 5 throwing nets
Armour
 b - a +0 helmet (worn)
 e - the +6 scale mail of Yesterday (worn) {^Drain rC+ Regen+}
   (You acquired it on level 3 of the Dungeon)

   rC+:       It protects you from cold.
   Regen+:    It increases your rate of health regeneration.
   ^Drain:    It drains your maximum health when unequipped.
 u - a +0 cloak (worn)
 J - a +2 pair of gloves of dexterity (worn)
 L - a +0 kite shield
 S - the +1 robe of Vines {NoPotionHeal Regen++++}
   (You found it on level 4 of the Lair of Beasts)

   NoPotionHeal: Its wearer cannot be healed by potions.
   Regen++++: It increases your rate of health regeneration.
Jewellery
 h - a ring of ice
 n - a +4 ring of slaying (right hand)
 y - a ring of wizardry (left hand)
 E - an amulet of faith
 I - an amulet of reflection
 Q - an amulet of regeneration (around neck)
Talismans
 K - a storm talisman
Wands
 D - a wand of polymorph (15)
 F - a wand of charming (31)
 G - a wand of flame (26)
 T - a wand of quicksilver (1)
 V - a wand of iceblast (11)
Scrolls
 a - 2 scrolls of revelation {unknown}
 c - a scroll of butterflies
 d - 2 scrolls of brand weapon {unknown}
 f - 4 scrolls of fog
 j - 4 scrolls of amnesia {unknown}
 k - 2 scrolls of fear
 l - 10 scrolls of teleportation
 m - a scroll of immolation {unknown}
 o - 4 scrolls of blinking
 s - 4 scrolls of vulnerability {unknown}
 x - 3 scrolls of silence
 H - 3 scrolls of enchant armour
 M - 2 scrolls of enchant weapon
 N - a scroll of identify
 P - 2 scrolls of poison
 X - a scroll of summoning
Potions
 g - 2 potions of mutation {unknown}
 p - 6 potions of degeneration {unknown}
 q - 4 potions of might {unknown}
 r - a potion of ambrosia
 t - 3 potions of resistance {unknown}
 v - 3 potions of brilliance
 w - 9 potions of heal wounds {unknown}
 z - 14 potions of curing
 A - 2 potions of cancellation {unknown}
 B - a potion of invisibility
 O - 3 potions of haste {unknown}
 R - 3 potions of enlightenment {unknown}
 U - 4 potions of berserk rage {unknown}
 Z - a potion of magic {unknown}
Miscellaneous
 W - a lightning rod (4/4)


   Skills:
 + Level 12.7 Fighting
 + Level 11.7 Long Blades
 + Level 12.4 Armour
 + Level 13.6 Dodging
 * Level 13.7 Spellcasting
 * Level 13.7 Conjurations
 * Level 13.7 Hexes
 * Level 13.7 Summonings
 * Level 13.7 Necromancy
 * Level 13.7 Translocations
 * Level 13.7 Fire Magic
 * Level 13.7 Ice Magic
 * Level 13.7 Air Magic
 * Level 13.7 Earth Magic
 * Level 13.7 Alchemy
 + Level 6.4 Evocations


You knew the following spells:

 Your Spells              Type           Power      Damage    Failure   Level
a - Freeze                Ice            100%       1d10      1%          1
b - Call Imp              Summ           100%       N/A       1%          2
c - Call Canine Familiar  Summ           62%        N/A       1%          3
d - Flame Wave            Conj/Fire      62%        2d14      1%          4
e - Manifold Assault      Tloc           62%        N/A       1%          4
f - Summon Mana Viper     Hex/Summ       62%        N/A       1%          5
g - Bombard               Conj/Erth      31%        9d6       3%          6
h - Summon Cactus Giant   Summ           31%        N/A       3%          6
Your spell library was empty.

Dungeon Overview and Level Annotations

Branches:
Dungeon (15/15)            Temple (0/1) D:5            Lair (5/5) D:11
 Shoals (4/4) Lair:3        Snake (0/4) Lair:3        Slime (0/5) Lair:5
    Orc (2/2) D:12            Elf (0/3) Orc:2        Vaults (0/5) D:13
 Depths: D:15

Altars:
Cheibriados
Xom
Yredelemnul
Jiyva

Shops:
D:2 ?   D:3 (   D:4 *   D:6 *   Orc:2 :([?

Annotations:
Lair:1 1 runed translucent door, exclusion: 2 oklob plants, Picediuh's ghost, journeyman MiFi
Lair:4 3 runed translucent doors, DiggyJ's ghost, journeyman DsBe
Lair:5 exclusion: oklob plant


Innate Abilities, Weirdness & Mutations

You are immune to sickness and miasma.
You are immune to poison.
Your flesh is very heat resistant. (rF++)
You are vulnerable to cold. (rC-)
You float through the air rather than walking.
You learn spells naturally, not from books.
Your magical power is your life essence.
You have superior vitality. (+4 MHP)
You are very agile. (Dex +8, Str/Int -2)
Your mind is very acute. (Int +8, Str/Dex -2)
You are robust. (+10% HP)
You sometimes lose the ability to read scrolls when taking damage.
Your movements are slightly less encumbered by armour. (ER -2)


Message History

Aim: a merfolk avatar (water, severely wounded, mesmerising, 67% to hit)
The iron shot misses the merfolk avatar.
The merfolk avatar chants its luring song.
Unknown command.
Casting: Bombard (dangerous; 3% risk of failure)
Confirm with . or Enter, or press ? or * to list all spells.
Space momentarily warps into an impossible shape!
You slice the drowned soul!!
You destroy the drowned soul!
The drowned soul returns to the deep!
You slash the merfolk avatar! You slash the drowned soul!
Unknown command.
Casting: Manifold Assault (safe; 1% risk of failure)
Confirm with . or Enter, or press ? or * to list all spells.
Space momentarily warps into an impossible shape!
You slice the drowned soul!!
You destroy the drowned soul!
The drowned soul returns to the deep!
You completely miss the drowned soul. You slice the merfolk javelineer!!
The merfolk javelineer looks as sick as possible!
You hit the merfolk avatar.
The merfolk avatar is poisoned.
The pull of its song draws you forwards.
The merfolk javelineer throws a javelin.
The javelin pierces through you!
* * * LOW HITPOINT WARNING * * *
The merfolk avatar chants its luring song.
You slash the merfolk avatar!
The merfolk avatar looks as sick as possible!
The merfolk avatar is almost dead.
The merfolk javelineer throws a javelin.
The javelin pierces through you!!
* * * LOW HITPOINT WARNING * * *
Unknown command.
You slice the merfolk avatar!!
You are no longer entranced.
You kill the merfolk avatar!
The drowned soul returns to the deep! x4
The merfolk javelineer throws a javelin.
The javelin pierces through you!
You die...

≈≈≈≈≈≈≈≈≈≈≈≈≈≈≈
≈≈≈≈≈≈≈≈≈≈≈≈≈≈≈≈
≈≈≈≈≈≈≈≈≈≈≈≈≈≈≈≈≈
≈≈≈≈≈≈≈≈≈≈≈≈≈≈≈≈≈
≈≈≈≈≈≈≈≈≈≈≈≈≈≈≈≈≈≈
≈≈≈≈≈≈≈≈≈≈≈≈≈≈≈P~~P~~~~
≈≈≈≈≈≈≈≈≈≈≈≈≈~P~~~~P~~..
≈≈≈≈≈≈≈@≈≈≈≈P~~P~~~P~...
≈≈≈≈≈≈≈≈≈≈≈≈P~~~..P.....
≈≈≈≈≈≈≈≈≈≈≈≈≈~PP~P.......
≈≈≈≈≈≈≈≈≈≈≈≈≈~~~PP.......#
≈≈≈≈≈≈≈≈~~~~~~~~~~......#
≈≈≈≈≈≈≈~~~~~)†~~~~P...[.#
≈≈≈≈≈≈~~~~~~######...(..#
≈≈≈≈≈≈~~~m.##~....#....<#
≈≈≈≈≈≈~~~.##~....#)#.[)[#


You could see a merfolk javelineer (extremely poisoned).

Vanquished Creatures
  Nikola (Shoals:4)
  Jorgrun (D:14)
  Ilsuiw (Shoals:3)
  An ironbound thunderhulk (D:13)
  Azrael (Orc:1)
  An ettin (Orc:1)
  5 merfolk javelineers (Shoals:4)
  3 merfolk impalers
  A fire dragon (Lair:5)
  Harold (D:9)
  3 hydras
  The ghost of Zonian the Summoner, a journeyman FeSu of Kikubaaqudgha (D:13)
  2 vault guards (D:13)
  2 catoblepae
  5 centaur warriors
  4 merfolk aquamancers
  2 alligator snapping turtles
  6 boulder beetles
  4 two-headed ogres
  6 merfolk avatars
  A tengu warrior (D:15)
  Sonja (D:13)
  A skeletal warrior (D:15)
  8 skysharks
  7 sea snakes
  A swamp dragon (Lair:5)
  A sun moth (Lair:2)
  A lindwurm (Lair:3)
  A salamander (Lair:3)
  A deep elf pyromancer (D:12)
  2 oklob plants (Lair:4)
  4 harpies (Shoals:2)
  A wolf spider (Lair:5)
  2 orc sorcerers (Orc:2)
  An ugly thing (D:13)
  14 manticores
  An orc knight (Orc:2)
  5 cyclopes
  A faun (Shoals:2)
  A meliai (shapeshifter) (D:13)
  7 elephants
  5 kobold blastminers (Orc:2)
  A guardian serpent (Lair:5)
  An ice statue (Lair:2)
  9 black mambas
  A torpor snail (Lair:1)
  4 water nymphs
  7 merfolk sirens
  10 cane toads
  A kobold demonologist (D:14)
  2 unseen horrors
  A yaktaur (Shoals:1)
  6 rime drakes
  A nameless horror (Lair:3)
  A freezing wraith (Lair:2)
  5 komodo dragons
  21 merfolk
  A queen bee (D:8)
  5 polar bears
  3 wind drakes
  A tarantella (shapeshifter) (Lair:2)
  2 hornets (Lair:5)
  A raiju (shapeshifter) (Lair:1)
  8 dream sheep
  10 blink frogs
  7 snapping turtles
  4 slime creatures (D:12)
  Sigmund (D:6)
  11 water elementals
  A shadow (D:12)
  51 yaks
  A spriggan (shapeshifter) (D:13)
  A wraith (D:9)
  13 wyverns
  2 fire elementals
  6 basilisks
  3 humans (D:13)
  4 steam dragons
  6 vampire mosquitoes
  Edmund (D:5)
  3 nagas (Lair:3)
  6 acid dragons
  2 two-headed ogre zombies (D:12)
  3 hell hounds (Orc:2)
  18 water moccasins
  2 swamp drakes (Lair:5)
  A sky beast (D:8)
  21 orc warriors
  8 ice beasts
  A black bear (D:8)
  2 ogres
  17 wolves
  14 centaurs
  2 phantoms
  3 kobold brigands
  13 bullfrogs
  2 gnoll sergeants
  A wyvern zombie (D:5)
  5 scorpions
  23 wights
  10 killer bees
  6 howler monkeys
  2 bullfrog zombies (D:5)
  A hound (shapeshifter) (D:9)
  Crazy Yiuf (D:7)
  6 orc priests
  2 bombardier beetles
  3 hounds
  A jelly (D:4)
  3 gnoll boudas
  9 iguanas
  A sleepcap (D:5)
  9 orc wizards
  A scorpion zombie (D:5)
  6 ogre zombies (D:12)
  A howler monkey zombie (D:5)
  18 gnolls
  6 adders
  6 white imps
  4 ufetubi
  5 dart slugs
  2 ribbon worms
  46 orcs
  5 ball pythons
  4 bats
  6 endoplasms
  A giant cockroach (D:4)
  A giant cockroach (shapeshifter) (D:2)
  6 gnoll zombies (D:12)
  3 hobgoblins
  10 jackals
  14 kobolds
  3 quokkas
  5 frilled lizards
  5 gnoll skeletons (D:12)
  5 goblins
  3 orc skeletons (D:12)
  7 orc zombies (D:12)
  6 rats
712 creatures vanquished.

Vanquished Creatures (collateral kills)
  Mara (Shoals:3)
  Louise (Shoals:3)
  A merfolk impaler (Shoals:3)
  2 merfolk javelineers
  3 hydras (Lair:4)
  A two-headed ogre (D:11)
  A merfolk aquamancer (Shoals:4)
  2 sea snakes (Shoals:4)
  A phantasmal warrior (D:15)
  A harpy (Shoals:2)
  An orc knight (Orc:2)
  A wolf spider (Lair:5)
  An orc sorcerer (Orc:2)
  A black mamba (Lair:5)
  2 komodo dragons
  A merfolk (Shoals:3)
  2 blink frogs (Lair:5)
  A dream sheep (Lair:5)
  2 snapping turtles (Shoals:4)
  3 yaks
  2 water moccasins (Lair:5)
  A hell hound (Orc:2)
  3 orc warriors (Orc:2)
  2 ice beasts (Lair:2)
  An ogre (Orc:2)
  A killer bee (D:10)
  An adder (D:6)
  A white imp (Lair:2)
  3 orcs
  An endoplasm (D:4)
  A kobold (D:4)
  An orc skeleton (D:12)
  3 orc zombies (D:12)
  A tentacle (Shoals:4)
51 creatures vanquished.

Vanquished Creatures (others)
  2 dancing weapons
  A sea snake (Shoals:4)
  A water elemental (Shoals:4)
  A yak (D:9)
  An orc warrior (Orc:2)
  An orc priest (Orc:2)
  2 orcs (Orc:2)
  6 tentacles (Shoals:4)
15 creatures vanquished.

Grand Total: 778 creatures vanquished

Notes
Turn   | Place    | Note
-------+----------+-------------------------------------------
     0 | D:1      | Xavori the Djinni Chaos Knight began the quest for the Orb.
     0 | D:1      | Reached XP level 1. HP: 20/20 MP: 0/0
   103 | D:1      | Reached XP level 2. HP: 25/25 MP: 0/0
   231 | D:1      | Reached XP level 3. HP: 24/30 MP: 0/0
   231 | D:1      | Learned a level 1 spell: Freeze
   235 | D:1      | Reached skill level 1 in Spellcasting
   235 | D:1      | Reached skill level 1 in Conjurations
   235 | D:1      | Reached skill level 1 in Hexes
   235 | D:1      | Reached skill level 1 in Summonings
   235 | D:1      | Reached skill level 1 in Necromancy
   235 | D:1      | Reached skill level 1 in Translocations
   235 | D:1      | Reached skill level 1 in Fire Magic
   235 | D:1      | Reached skill level 1 in Ice Magic
   235 | D:1      | Reached skill level 1 in Air Magic
   235 | D:1      | Reached skill level 1 in Earth Magic
   235 | D:1      | Reached skill level 1 in Alchemy
   439 | D:1      | Found a faded altar of an unknown god.
  1030 | D:1      | XOM: scenery: 1 doors open, 2 doors close
  1601 | D:1      | XOM: god gift: book of Minor Magic
  1761 | D:1      | XOM: god gift: +1 demon blade of draining
  2070 | D:1      | XOM: give mutations
  2070 | D:1      | Gained mutation: You are agile. (Dex +4, Str/Int -1) [Xom's
                  | grace]
  2070 | D:1      | Gained mutation: Your spells are a little harder to cast,
                  | but a little more powerful. [Xom's grace]
  2070 | D:1      | Gained mutation: You are very agile. (Dex +8, Str/Int -2)
                  | [Xom's grace]
  2296 | D:1      | XOM: summons 2 hostile demons
  2297 | D:1      | XOM: summons 2 hostile demons
  2298 | D:1      | Noticed a chaos spawn
  2408 | D:2      | a giant cockroach changed into a shapeshifter
  2408 | D:2      | Noticed a shapeshifter (shapeshifter)
  2408 | D:2      | XOM: polymorph giant cockroach -> shapeshifter
  2408 | D:2      | a shapeshifter changed into a quokka
  2410 | D:2      | XOM: enchant monster (bad)
  2412 | D:2      | XOM: give mutation
  2412 | D:2      | Gained mutation: Your body sometimes deteriorates upon
                  | taking damage. [Xom's mischief]
  2440 | D:2      | Found Ocyog Lozoa's Magic Scroll Shoppe.
  2440 | D:2      | XOM: 4-stop teleportation journey
  2752 | D:2      | Reached XP level 4. HP: 32/35 MP: 0/0
  2829 | D:2      | XOM: 3-stop teleportation journey
  2921 | D:2      | Bought a scroll of teleportation for 42 gold pieces
  2959 | D:2      | XOM: divination: magic mapping
  3019 | D:2      | XOM: 5-stop teleportation journey
  3071 | D:2      | XOM: summons 2 hostile demons
  3272 | D:3      | Identified a scroll of acquirement
  3273 | D:3      | Acquired the +6 scale mail of Yesterday {^Drain rC+ Regen+}
  3349 | D:3      | Identified the +9 mace "Pano" {pain, *Noise rPois Int+7
                  | Dex+2}
  3417 | D:3      | Found Ciro's Antique Weapon Boutique.
  3846 | D:3      | Reached XP level 5. HP: 40/40 MP: 0/0
  3846 | D:3      | Learned a level 2 spell: Call Imp
  3993 | D:4      | Noticed a centaur
  3996 | D:4      | XOM: summons 5 friendly demons
  4002 | D:4      | Killed a centaur
  4003 | D:4      | Reached XP level 6. HP: 44/47 MP: 0/0
  4327 | D:4      | Found Nymiv's General Store.
  4338 | D:4      | Bought a scroll of blinking for 105 gold pieces
  4397 | D:5      | Entered Level 5 of the Dungeon
  4397 | D:5      | Noticed Edmund
  4403 | D:5      | XOM: fake destruction
  4406 | D:5      | XOM: noise
  4410 | D:5      | Killed Edmund
  4411 | D:5      | Reached XP level 7. HP: 45/52 MP: 0/0
  4411 | D:5      | Learned a level 3 spell: Call Canine Familiar
  4464 | D:5      | XOM: noise
  4510 | D:5      | Found a basalt altar of Yredelemnul.
  4540 | D:5      | XOM: give mutations
  4540 | D:5      | Gained mutation: You are covered in fur. (AC +1) [Xom's
                  | grace]
  4540 | D:5      | Gained mutation: You have a pair of small antennae on your
                  | head. [Xom's grace]
  4540 | D:5      | Gained mutation: Your mind is acute. (Int +4, Str/Dex -1)
                  | [Xom's grace]
  4588 | D:5      | XOM is BORED!
  4605 | D:5      | XOM: god gift: yellow potion {god gift}
  4624 | D:5      | Noticed a water moccasin
  4630 | D:5      | Killed a water moccasin
  4631 | D:5      | Reached XP level 8. HP: 58/58 MP: 0/0
  4836 | D:5      | Found a staircase to the Ecumenical Temple.
  5072 | D:5      | Reached skill level 5 in Fighting
  5183 | D:6      | XOM: enchant monster (bad)
  5197 | D:6      | Reached skill level 5 in Dodging
  5197 | D:6      | Reached XP level 9. HP: 65/65 MP: 0/0
  5197 | D:6      | Learned a level 4 spell: Flame Wave
  5216 | D:6      | XOM: torment (34/65 hp)
  5304 | D:6      | Reached skill level 5 in Spellcasting
  5304 | D:6      | Reached skill level 5 in Conjurations
  5304 | D:6      | Reached skill level 5 in Hexes
  5304 | D:6      | Reached skill level 5 in Summonings
  5304 | D:6      | Reached skill level 5 in Necromancy
  5304 | D:6      | Reached skill level 5 in Translocations
  5304 | D:6      | Reached skill level 5 in Fire Magic
  5304 | D:6      | Reached skill level 5 in Ice Magic
  5304 | D:6      | Reached skill level 5 in Air Magic
  5304 | D:6      | Reached skill level 5 in Earth Magic
  5304 | D:6      | Reached skill level 5 in Alchemy
  5382 | D:6      | Reached skill level 5 in Long Blades
  5615 | D:6      | Noticed Sigmund
  5620 | D:6      | Killed Sigmund
  5656 | D:6      | Found Wuhoogg's Serpentskin Sales.
  5664 | D:6      | Reached skill level 5 in Armour
  5876 | D:7      | XOM: scenery: summon butterflies
  5934 | D:7      | XOM: silly message
  5949 | D:7      | Reached XP level 10. HP: 59/72 MP: 0/0
  6163 | D:7      | Found a runed translucent door.
  6164 | D:7      | Noticed Crazy Yiuf
  6432 | D:7      | Killed Crazy Yiuf
  6478 | D:8      | XOM: 1-stop teleportation journey
  6479 | D:8      | XOM: enchant monster (bad)
  6497 | D:8      | XOM: summons friendly ufetubus
  6581 | D:8      | XOM: noise
  6791 | D:8      | XOM: 2-stop teleportation journey
  6851 | D:8      | XOM: 7-stop teleportation journey
  6900 | D:8      | XOM: polymorph something unseen -> queen bee
  7016 | D:8      | XOM: give mutation
  7016 | D:8      | Lost mutation: Your mind is acute. (Int +4, Str/Dex -1)
                  | [Xom's mischief]
  7158 | D:9      | Identified the +9 dagger of Strategic Superiority {speed,
                  | rC- rCorr Int+3 Dex+3}
  7208 | D:9      | XOM: polymorph hornet -> shapeshifter
  7295 | D:9      | Reached XP level 11. HP: 78/78 MP: 0/0
  7295 | D:9      | Learned a level 4 spell: Manifold Assault
  7371 | D:9      | XOM: confuse monster(s)
  7399 | D:9      | Noticed Harold
  7416 | D:9      | Killed Harold
  7572 | D:9      | XOM: divine lightning
  7581 | D:9      | XOM: fog
  7722 | D:9      | Noticed a two-headed ogre
  7723 | D:9      | XOM: cast spell 'Summon Hydra'
  7737 | D:9      | XOM: potion effect (invisibility)
  7739 | D:9      | XOM: summons 2 friendly demons
  7744 | D:9      | Killed a two-headed ogre
  7776 | D:10     | Entered Level 10 of the Dungeon
  7880 | D:10     | XOM: summons 9 friendly demons
  8027 | D:10     | XOM is BORED!
  8027 | D:10     | XOM: give mutation
  8027 | D:10     | Gained mutation: You occasionally lose the ability to read
                  | scrolls when taking damage. [Xom's mischief]
  8040 | D:10     | XOM: summons friendly white imp
  8045 | D:10     | XOM: potion effect (invisibility)
  8063 | D:10     | XOM: confuse monster(s)
  8064 | D:10     | XOM: silly message
  8069 | D:10     | XOM: summons 4 friendly demons
  8265 | D:10     | XOM: divination: magic mapping
  8372 | D:10     | You are sucked into a shaft and drop 2 floors!
  8372 | D:12     | XOM: noise
  8399 | D:11     | Noticed a cyclops
  8413 | D:11     | Killed a cyclops
  8414 | D:11     | Reached XP level 12. HP: 77/86 MP: 0/0
  8494 | D:11     | XOM: noise
  8523 | D:11     | XOM: divination: magic mapping
  8524 | D:11     | Found a staircase to the Lair.
  8540 | D:11     | XOM: silly message
  8541 | D:11     | Noticed a two-headed ogre
  8548 | D:11     | Killed a two-headed ogre
  8775 | D:11     | Noticed a boulder beetle
  8780 | D:11     | XOM: silly message
  8785 | D:11     | XOM: silly message
  8809 | D:11     | Killed a boulder beetle
  8939 | D:11     | Noticed a two-headed ogre
  8942 | D:11     | XOM: silly message
  8945 | D:11     | Killed a two-headed ogre
  9115 | D:11     | XOM: silly message
  9205 | Lair:1   | XOM: noise
  9205 | Lair:1   | Entered Level 1 of the Lair of Beasts
  9212 | Lair:1   | XOM: divination: magic mapping
  9224 | Lair:1   | XOM: silly message
  9226 | Lair:1   | XOM: polymorph cane toad -> shapeshifter
  9255 | Lair:1   | Noticed a boulder beetle
  9258 | Lair:1   | XOM: enchant monster (good)
  9262 | Lair:1   | XOM: summons 6 friendly demons
  9281 | Lair:1   | Killed a boulder beetle
  9291 | Lair:1   | XOM: cloud trail
  9322 | Lair:1   | Noticed a boulder beetle
  9347 | Lair:1   | Killed a boulder beetle
  9371 | Lair:1   | XOM: summons 9 friendly demons
  9496 | Lair:1   | Found a runed translucent door.
  9496 | Lair:1   | Found a shimmering altar of Xom.
  9496 | Lair:1   | Noticed Picediuh's ghost (journeyman MiFi)
  9496 | Lair:1   | Noticed a +0 trident of chaos
  9556 | Lair:1   | XOM: god gift: 12 gold pieces
 10169 | Lair:1   | XOM: give mutations
 10169 | Lair:1   | Gained mutation: You are partially covered in iridescent
                  | scales. (AC +2) [Xom's mischief]
 10169 | Lair:1   | Lost mutation: You are covered in fur. (AC +1) [Xom's
                  | mischief]
 10169 | Lair:1   | Lost mutation: You are partially covered in iridescent
                  | scales. (AC +2) [Xom's mischief]
 10364 | Lair:2   | Found a snail-covered altar of Cheibriados.
 10373 | Lair:2   | XOM: polymorph komodo dragon -> shapeshifter
 10409 | Lair:2   | a basilisk changed into a sun moth
 10409 | Lair:2   | Noticed a sun moth
 10409 | Lair:2   | XOM: polymorph basilisk -> sun moth
 10413 | Lair:2   | XOM: potion effect (might)
 10415 | Lair:2   | XOM: potion effect (haste)
 10421 | Lair:2   | Killed a sun moth
 10422 | Lair:2   | Reached XP level 13. HP: 72/94 MP: 0/0
 10422 | Lair:2   | Learned a level 5 spell: Summon Mana Viper
 10575 | Lair:2   | XOM: silly message
 10600 | Lair:2   | XOM: polymorph ice beast -> rime drake
 10606 | Lair:2   | XOM: cleaving
 10655 | Lair:2   | Reached skill level 10 in Spellcasting
 10655 | Lair:2   | Reached skill level 10 in Conjurations
 10655 | Lair:2   | Reached skill level 10 in Hexes
 10655 | Lair:2   | Reached skill level 10 in Summonings
 10655 | Lair:2   | Reached skill level 10 in Necromancy
 10655 | Lair:2   | Reached skill level 10 in Translocations
 10655 | Lair:2   | Reached skill level 10 in Fire Magic
 10655 | Lair:2   | Reached skill level 10 in Ice Magic
 10655 | Lair:2   | Reached skill level 10 in Air Magic
 10655 | Lair:2   | Reached skill level 10 in Earth Magic
 10655 | Lair:2   | Reached skill level 10 in Alchemy
 10948 | Lair:2   | XOM: scenery: 1 doors open
 10952 | Lair:2   | XOM: 3-stop teleportation journey
 11245 | Lair:2   | XOM: cleaving
 11266 | Lair:2   | XOM: scenery: 2 doors open, 1 doors close
 11322 | Lair:2   | Upgraded the game from 0.31-a0-1603-gbec6b6ccbf to
                  | 0.31-a0-1611-g890cdf5628
 11330 | Lair:3   | Found a staircase to the Shoals.
 11333 | Lair:3   | XOM: scenery: summon butterflies
 11335 | Lair:3   | Reached skill level 10 in Dodging
 11459 | Lair:3   | XOM: blink monster(s)
 11613 | Lair:3   | XOM: confuse monster(s)
 11640 | Lair:3   | XOM: chaos upgrade
 11675 | Lair:3   | Found a staircase to the Snake Pit.
 12222 | Lair:3   | XOM: scenery: create altars
 12293 | Lair:3   | XOM: give mutations
 12293 | Lair:3   | Gained mutation: You are resistant to electric shocks.
                  | (rElec) [Xom's grace]
 12293 | Lair:3   | Gained mutation: Your spells are harder to cast, but more
                  | powerful. [Xom's grace]
 12362 | Lair:4   | Noticed DiggyJ's ghost (journeyman DsBe)
 12396 | Lair:4   | Found a runed translucent gate.
 12396 | Lair:4   | Found a runed translucent gate.
 12396 | Lair:4   | Found a runed translucent gate.
 12413 | Lair:4   | XOM: potion effect (berserk rage)
 12487 | Lair:4   | XOM: scenery: create altars
 12525 | Lair:4   | Acquired 1063 gold pieces
 12533 | Lair:4   | Found the +1 robe of Vines {NoPotionHeal Regen++++}
 12544 | Lair:4   | XOM: confuse monster(s)
 12545 | Lair:4   | XOM: god gift: staff of death
 12606 | Lair:4   | XOM: polymorph inugami -> culicivora
 12661 | Lair:4   | Noticed a seven-headed hydra
 12663 | Lair:4   | XOM: noise
 12670 | Lair:4   | Killed an eight-headed hydra
 12750 | Lair:4   | Noticed an eight-headed hydra
 12757 | Lair:4   | Killed a nine-headed hydra
 12877 | Lair:4   | XOM: potion effect (invisibility)
 12889 | Lair:4   | Reached XP level 14. HP: 58/102 MP: 0/0
 13011 | Lair:4   | XOM: divination: magic mapping
 13163 | Lair:4   | Reached skill level 10 in Fighting
 13235 | Lair:4   | XOM: silly message
 13704 | Lair:5   | Entered Level 5 of the Lair of Beasts
 13705 | Lair:5   | XOM: divination: magic mapping
 13751 | Lair:5   | XOM: potion effect (haste)
 13759 | Lair:5   | XOM: silly message
 13882 | Lair:4   | XOM: silly message
 13886 | Lair:4   | XOM: cast spell 'Fugue of the Fallen'
 14120 | Lair:5   | XOM: noise
 14179 | Lair:5   | XOM: give mutation
 14179 | Lair:5   | Gained mutation: Your health recovers twice as slowly from
                  | being drained. [Xom's mischief]
 14184 | Lair:5   | Reached skill level 10 in Armour
 14207 | Lair:5   | XOM: enchant monster (bad)
 14272 | Lair:5   | Found a staircase to the Slime Pits.
 14273 | Lair:5   | Found a viscous altar of Jiyva.
 14398 | Lair:5   | XOM: 3-stop teleportation journey
 14541 | Lair:5   | XOM: noise
 14548 | Lair:5   | XOM: 2-stop teleportation journey
 14558 | Lair:5   | XOM: scenery: summon butterflies
 14588 | Lair:5   | XOM: give mutations
 14588 | Lair:5   | Gained mutation: You occasionally shout uncontrollably at
                  | your foes. [Xom's mischief]
 14588 | Lair:5   | Gained mutation: You are robust. (+10% HP) [Xom's mischief]
 14588 | Lair:5   | Lost mutation: You have a pair of small antennae on your
                  | head. [Xom's mischief]
 14588 | Lair:5   | Lost mutation: Your health recovers twice as slowly from
                  | being drained. [Xom's mischief]
 14606 | Lair:5   | HP: 4/113 [acid dragon/splash of acid (28)]
 14606 | Lair:5   | XOM: butterfly on damage
 14786 | Lair:5   | XOM: swap monsters
 14801 | Lair:5   | Identified the ring of Dishonour {Fire rN+ Dex+2}
 14938 | Lair:5   | XOM: confusion (+ monsters)
 14971 | Lair:5   | Reached XP level 15. HP: 35/119 MP: 0/0
 14971 | Lair:5   | Learned a level 6 spell: Bombard
 15000 | Lair:5   | XOM: torment (37/119 hp)
 15096 | Lair:5   | XOM: polymorph mana viper -> komodo dragon
 15152 | Lair:5   | Reached skill level 10 in Long Blades
 15221 | Lair:5   | XOM: give mutations
 15221 | Lair:5   | Gained mutation: Your mind is acute. (Int +4, Str/Dex -1)
                  | [Xom's grace]
 15221 | Lair:5   | Gained mutation: You are very robust. (+20% HP) [Xom's
                  | grace]
 15221 | Lair:5   | Gained mutation: Your mind is very acute. (Int +8, Str/Dex
                  | -2) [Xom's grace]
 15256 | Lair:5   | XOM: smoke on damage
 15257 | Lair:5   | XOM: cleaving
 15262 | Lair:5   | XOM: cleaving
 15357 | Lair:5   | XOM: summons 2 friendly demons
 15680 | D:12     | Found a staircase to the Orcish Mines.
 15729 | D:12     | XOM: summons 4 friendly demons
 15922 | D:12     | XOM: give mutations
 15922 | D:12     | Gained mutation: Your movements are slightly less
                  | encumbered by armour. (ER -2) [Xom's grace]
 15922 | D:12     | Gained mutation: A frigid envelope surrounds you and
                  | freezes all who hurt you. [Xom's grace]
 15922 | D:12     | Gained mutation: Your flesh is almost immune to the effects
                  | of heat. (rF+++) [Xom's grace]
 16061 | D:12     | XOM: enchant monster (good)
 16501 | Orc:1    | XOM: stealth player
 16501 | Orc:1    | Entered Level 1 of the Orcish Mines
 16640 | Orc:2    | Entered Level 2 of the Orcish Mines
 16670 | Orc:2    | Found a staircase to the Elven Halls.
 16699 | Orc:2    | Reached skill level 1 in Evocations
 16883 | Orc:2    | Noticed Azrael
 16883 | Orc:2    | XOM: blink monster(s)
 16929 | Orc:1    | XOM: give mutations
 16929 | Orc:1    | Lost mutation: Your spells are harder to cast, but more
                  | powerful. [Xom's mischief]
 16929 | Orc:1    | Lost mutation: A frigid envelope surrounds you and freezes
                  | all who hurt you. [Xom's mischief]
 16929 | Orc:1    | Lost mutation: Your spells are a little harder to cast, but
                  | a little more powerful. [Xom's mischief]
 16929 | Orc:1    | Lost mutation: Your body sometimes deteriorates upon taking
                  | damage. [Xom's mischief]
 17005 | Orc:2    | XOM: confuse monster(s)
 17039 | Orc:1    | Killed Azrael
 17104 | Orc:2    | XOM: 2-stop teleportation journey
 17105 | Orc:2    | Found Hut Abuo's Armour Shop.
 17105 | Orc:2    | Found Pixini's Antique Weapon Emporium.
 17121 | Orc:2    | Found Zuopoif's Book Shoppe.
 17136 | Orc:2    | Found Butilunn's Magic Scroll Boutique.
 17154 | Orc:2    | Bought a scroll of teleportation for 42 gold pieces
 17154 | Orc:2    | Bought a scroll of teleportation for 42 gold pieces
 17154 | Orc:2    | Bought a scroll of blinking for 105 gold pieces
 17154 | Orc:2    | Bought a scroll of teleportation for 42 gold pieces
 17155 | Orc:2    | XOM: polymorph orc warrior -> goblin
 17275 | Orc:2    | XOM: cast spell 'Summon Horrible Things'
 17423 | Orc:2    | XOM: silly message
 17449 | Orc:2    | XOM: swap monsters
 17658 | D:13     | XOM: silly message
 17685 | D:13     | Found a runed translucent door.
 17688 | D:13     | Noticed Zonian's ghost (journeyman FeSu)
 17694 | D:13     | Noticed Sonja
 17707 | D:13     | Killed Sonja
 17880 | D:13     | XOM: 2-stop teleportation journey
 18247 | D:13     | XOM: give mutation
 18247 | D:13     | Lost mutation: You are very robust. (+20% HP) [Xom's
                  | mischief]
 18404 | D:13     | XOM: confuse monster(s)
 18423 | D:13     | XOM: summons 2 hostile shadow creatures
 18477 | D:13     | Found a gate to the Vaults.
 18781 | D:13     | XOM: summons 1 hostile shadow creature
 18782 | D:13     | XOM: divine lightning
 18804 | D:13     | XOM: scenery: summon butterflies
 18806 | D:13     | Killed Zonian's ghost
 18925 | D:14     | Reached XP level 16. HP: 81/128 MP: 0/0
 18967 | D:14     | XOM: 2-stop teleportation journey
 18970 | D:14     | XOM: 5-stop teleportation journey
 18989 | D:14     | Noticed Jorgrun
 19006 | D:14     | Killed Jorgrun
 19137 | D:14     | XOM: divination: detect items
 19176 | D:14     | XOM: confusion (+ monsters)
 19782 | D:15     | Entered Level 15 of the Dungeon
 19857 | D:14     | XOM: divination: magic mapping
 20030 | Orc:2    | Bought a +0 pair of gloves of dexterity for 172 gold pieces
 20188 | Shoals:1 | Entered Level 1 of the Shoals
 20412 | Shoals:1 | Identified the +3 cloak "Noel" {rElec Str+4}
 20602 | Shoals:1 | XOM: confuse monster(s)
 20622 | Shoals:1 | XOM: give mutations
 20622 | Shoals:1 | Lost mutation: Your flesh is almost immune to the effects
                  | of heat. (rF+++) [Xom's mischief]
 20622 | Shoals:1 | Gained mutation: You sometimes lose the ability to read
                  | scrolls when taking damage. [Xom's mischief]
 20622 | Shoals:1 | Lost mutation: You are resistant to electric shocks.
                  | (rElec) [Xom's mischief]
 20622 | Shoals:1 | Lost mutation: You occasionally shout uncontrollably at
                  | your foes. [Xom's mischief]
 20669 | Shoals:1 | XOM: summons friendly quasit
 21141 | Shoals:2 | XOM: confuse monster(s)
 21186 | Shoals:2 | XOM: enchant monster (bad)
 21194 | Shoals:2 | XOM: summons 2 friendly demons
 21195 | Shoals:2 | XOM: summons 6 friendly demons
 21482 | Shoals:2 | XOM: cast spell 'Olgreb's Toxic Radiance'
 21807 | Shoals:2 | XOM: god gift: 2 brown potions {god gift}
 21843 | Shoals:2 | XOM: silly message
 21955 | Shoals:2 | Reached skill level 5 in Evocations
 22410 | Shoals:3 | Noticed Ilsuiw
 22526 | Shoals:3 | Noticed Mara
 22606 | Shoals:3 | XOM: divination: magic mapping
 22615 | Shoals:3 | Killed Mara
 22651 | Shoals:3 | Reached XP level 17. HP: 91/135 MP: 0/0
 22651 | Shoals:3 | Learned a level 6 spell: Summon Cactus Giant
 22806 | Shoals:3 | XOM: divination: detect creatures
 22995 | Shoals:3 | XOM: divination: detect items
 23051 | Shoals:3 | Killed Ilsuiw
 23085 | Shoals:3 | Noticed Louise
 23087 | Shoals:3 | XOM: summons friendly shadow imp
 23094 | Shoals:3 | Killed Louise
 23213 | Shoals:3 | XOM: destruction
 23540 | Shoals:4 | Entered Level 4 of the Shoals
 23565 | Shoals:4 | XOM: god gift: 4 stones
 23663 | Shoals:4 | XOM: summons 2 hostile shadow creatures
 23982 | Shoals:4 | XOM: god gift: ring mail {god gift}
 24023 | Shoals:4 | Noticed a kraken
 24109 | Shoals:4 | Noticed Nikola
 24109 | Shoals:4 | XOM: 2-stop teleportation journey
 24117 | Shoals:4 | Noticed a kraken
 24133 | Shoals:4 | XOM: smoke on damage
 24136 | Shoals:4 | Killed Nikola
 24461 | Shoals:4 | Hit by a javelin thrown by a merfolk javelineer

Illustrated notes

Levels and vault maps discovered:
D:1:      roadster_arrival_rocket_large, layout_rooms,
          dilly_ecumenical_altar_fadedgnrine
D:2:      layout_loops_corners, serial_shops, shop
D:3:      layout_basic, serial_shops, nicolae_shop_back_alley_shop
D:4:      nicolae_cairo_tiling_large_dashed, layout_cave_pools, serial_shops,
          shop, fountainhead
D:5:      minmay_bubble_buster, layout_basic, nicolae_yredelemnul_corpse_copse,
          minmay_temple_entry_glassed_door, nrook_mini_backslash,
          dk_rats_in_the_wall, uniq_edmund
D:6:      layout_basic, guppyfry_shop_venom, uniq_sigmund
D:7:      layout_rooms, uniq_crazy_yiuf_cottage
D:8:      layout_rooms, st_stairs_12, minmay_misc_feat_rugged,
          small_statue_intersection
D:9:      layout_basic, grunt_decor_fettered, chequers_decorated_corner,
          uniq_harold
D:10:     minmay_octagon_keep, layout_basic
D:11:     layout_gridville, david_lair_shrubbed, minmay_misc_feat_pillars
D:12:     layout_irregular_city, zombieorc2_lemuel,
          nicolae_straight_to_the_point
D:13:     layout_basic, hellmonk_vaults_keyhole, ebering_ghost_reflecting_pool,
          chequers_serial_rivers_large_b, feat_on_display, uniq_sonja
D:14:     layout_stronghold, uniq_jorgrun
D:15:     hangedman_slaughterboxes
Lair:1:   minmay_lair_oklob_tunnel, layout_cave_pods, ebering_ghost_xom,
          chequers_serial_rivers_micro_c, chequers_serial_rivers_small_b
Lair:2:   layout_roguey, basic_altar, ice2_lemuel
Lair:3:   wander_river, layout_cave_pods, minmay_shoals_entry_centaurs,
          alex1729_snake_entry_snake, grunt_megastairs_5,
          infiniplex_staircase_pool
Lair:4:   layout_cave_shapes, gammafunk_ghost_icy, hellmonk_guarded_unrand_vines
Lair:5:   guppyfry_lair_end_dragon, layout_long_grid,
          hangedman_lair_tendril_chambers, minmay_slime_entry_oklob_open,
          dreamdust_gnoll_shepherd, infiniplex_staircase_pool_2
Shoals:1: layout_shoals, yaktaur_hedge
Shoals:2: layout_shoals
Shoals:3: layout_shoals, uniq_ilsuiw, uniq_mara, uniq_louise
Shoals:4: shoals_end_hangedman, layout_shoals, shoal_ilsuiw,
          nicolae_shoals_aquamancer_cove, uniq_nikola
Orc:1:    dreamdust_wu_jian_sword_trials, layout_caves, basic_altar,
          nicolae_shop_gadgets
Orc:2:    st_orc_rangers, layout_diamond_mine, uniq_azrael

Skill      XL: |  1  2  3  4  5  6  7  8  9 10 11 12 13 14 15 16 17 |
---------------+----------------------------------------------------+-----
Spellcasting   | 1 2 3 4 5 7 8 9 10 11 12 13 | 13.7
Conjurations   | 1 2 3 4 5 7 8 9 10 11 12 13 | 13.7
Hexes          | 1 2 3 4 5 7 8 9 10 11 12 13 | 13.7
Summonings     | 1 2 3 4 5 7 8 9 10 11 12 13 | 13.7
Necromancy     | 1 2 3 4 5 7 8 9 10 11 12 13 | 13.7
Translocations | 1 2 3 4 5 7 8 9 10 11 12 13 | 13.7
Fire Magic     | 1 2 3 4 5 7 8 9 10 11 12 13 | 13.7
Ice Magic      | 1 2 3 4 5 7 8 9 10 11 12 13 | 13.7
Air Magic      | 1 2 3 4 5 7 8 9 10 11 12 13 | 13.7
Earth Magic    | 1 2 3 4 5 7 8 9 10 11 12 13 | 13.7
Alchemy        | 1 2 3 4 5 7 8 9 10 11 12 13 | 13.7
Long Blades    | 3 4 5 6 7 8 9 10 11 | 11.7
Armour         | 2 3 4 5 6 7 8 9 10 11 12 | 12.4
Dodging        | 3 4 5 6 7 8 9 10 11 12 13 | 13.6
Fighting       | 4 5 6 8 9 10 11 12 | 12.7
Evocations     | 3 5 6 |  6.4

Action                     |  1- 3 |  4- 6 |  7- 9 | 10-12 | 13-15 | 16-18 || total
---------------------------+-------+-------+-------+-------+-------+-------++-------
  Melee: Falchion          |    53 |       |       |       |       |       ||    53
         Punch             |     1 |     1 |     7 |    10 |    18 |     6 ||    43
         Demon blade       |    30 |   107 |   241 |   656 |  1333 |   620 ||  2987
         Scimitar          |       |       |       |       |     9 |     4 ||    13
   Cast: Call Canine Famil |       |       |       |     3 |     7 |     2 ||    12
         Call Imp          |       |       |       |     2 |    10 |     2 ||    14
         Manifold Assault  |       |       |       |    13 |   108 |   151 ||   272
         Summon Mana Viper |       |       |       |       |    23 |    16 ||    39
         Flame Wave        |       |       |       |       |     5 |       ||     5
         Bombard           |       |       |       |       |     6 |    52 ||    58
         Summon Cactus Gia |       |       |       |       |       |    14 ||    14
    Use: Scroll            |       |     5 |     1 |       |    11 |     8 ||    25
         Potion            |       |       |       |       |     2 |     1 ||     3
   Stab: Sleeping          |     1 |     1 |       |       |       |       ||     2
         Distracted        |       |       |       |     6 |     7 |     3 ||    16
         Invisible         |       |       |       |     5 |     9 |       ||    14
         Confused          |       |       |       |     2 |       |     1 ||     3
 Armour: Leather armour    |    41 |     5 |       |       |       |       ||    46
         Scale mail        |       |    97 |   241 |   448 |   866 |   309 ||  1961
  Dodge: Dodged            |    76 |    72 |   169 |   382 |   890 |   289 ||  1878
  Block: Other             |       |       |       |    93 |   233 |    23 ||   349
         Reflection        |       |       |       |     1 |    32 |       ||    33

Table legend: (Time is in decaauts)
 A = Elapsed time spent in this place.
 B = Non-inter-level travel time spent in this place.
 C = Inter-level travel time spent in this place.
 D = Time resting spent in this place.
 E = Time spent auto-exploring this place.
 F = Levels seen in this place.
 G = Mean time per level.
                   A        B        C        D        E       F      G
               +--------+--------+--------+--------+--------+-----+--------+
         Total |  24139 |  23065 |   1074 |   3981 |  14006 |  26 |  928.4 |
       Dungeon |  12488 |  11990 |    498 |   2104 |   7518 |  15 |  832.5 |
          Lair |   6343 |   6055 |    288 |    695 |   3873 |   5 | 1268.6 |
        Shoals |   4161 |   4034 |    127 |    927 |   2181 |   4 | 1040.2 |
  Orcish Mines |   1145 |    985 |    160 |    255 |    434 |   2 |  572.5 |
               +--------+--------+--------+--------+--------+-----+--------+

Top non-repeatable levels by time:
     D:1: 2304 daAuts
  Lair:4: 1620 daAuts
  Lair:5: 1543 daAuts
Shoals:2: 1449 daAuts
    D:13: 1322 daAuts
Shoals:3: 1252 daAuts
  Lair:1: 1196 daAuts
  Lair:3: 1022 daAuts
    D:14: 961 daAuts
  Lair:2: 959 daAuts
     D:2: 928 daAuts
Shoals:1: 906 daAuts
    D:11: 870 daAuts
    D:12: 861 daAuts
   Orc:2: 790 daAuts
